 Dungeon Crawl Stone Soup version 0.25-a0-890-g62861fb (webtiles) character file.

Game seed: 11088935697454530029, levelgen mode: deterministic

3099 Faca the Fighter (level 9, -5/81 HPs)
             Began as a Barachi Fighter on May 5, 2020.
             Was a Priest of Cheibriados.
             Slain by a two-headed ogre
             ... wielding a +0 dire flail
              (23 damage)
             ... on level 8 of the Dungeon.
             The game lasted 00:13:21 (6611 turns).

Faca the Fighter (Barachi Fighter)                  Turns: 6611, Time: 00:13:22

Health: -5/81      AC: 11    Str: 27    XL:     9   Next: 90%
Magic:  9/9        EV:  8    Int: 15    God:    Cheibriados [***...]
Gold:   296        SH: 12    Dex: 17    Spells: 8/8 levels left

rFire    . . .     SeeInvis .   r - +3 scimitar (freeze)
rCold    . . .     Gourm    .   c - +1 kite shield
rNeg     . . .     Faith    .   b - +0 scale mail
rPois    .         Spirit   .   m - +0 helmet (curse)
rElec    .         Reflect  .   j - +0 cloak
rCorr    .         Harm     .   (no gloves)
MR       .....                  p - +0 pair of boots (curse)
Stlth    ..........             (no amulet)
HPRegen  0.23/turn              (no ring)
MPRegen  0.11/turn              (no ring)

@: very slow
A: +LOS, swims, slowness 1, strong legs 1
a: Hop, Bend Time, Temporal Distortion, Renounce Religion


You were on level 8 of the Dungeon.
You worshipped Cheibriados.
Cheibriados was most pleased with you.
You were not hungry.

You visited 1 branch of the dungeon, and saw 8 of its levels.

You collected 296 gold pieces.

Inventory:

Hand Weapons
 a - a +1 long sword
 r - a +3 scimitar of freezing (weapon)
 t - a +3 short sword
Armour
 b - a +0 scale mail (worn)
 c - a +1 kite shield (worn)
 j - a +0 cloak (worn)
 m - a cursed +0 helmet (worn)
 p - a cursed +0 pair of boots (worn)
Jewellery
 e - an uncursed ring of ice
Scrolls
 g - a scroll of torment {unknown}
 l - a scroll of fog
 n - 4 scrolls of remove curse
 o - 3 scrolls of identify
 s - 6 scrolls of teleportation
 u - 2 scrolls of magic mapping
Potions
 d - 2 potions of might
 h - a potion of cancellation
 i - a potion of heal wounds
 k - 3 potions of curing
 q - a potion of ambrosia
 v - a potion of flight
Comestibles
 f - 10 rations


   Skills:
 + Level 11.1 Fighting
 + Level 10.7 Long Blades
 + Level 5.5 Armour
 + Level 5.1 Shields


You had 8 spell levels left.
You didn't know any spells.
Your spell library was empty.

Dungeon Overview and Level Annotations

Branches:
Dungeon (8/15)             Temple (0/1) D:5
   Lair: D:8-11

Altars:
Ashenzari
Cheibriados
Dithmenos
Gozag
Nemelex Xobeh
Sif Muna
Trog
Uskayaw
Wu Jian
The Shining One

Shops:
D:5 [}*!   D:7 ?   D:8 *

Annotations:
D:7 2 transporters, mobdeep's ghost, novice DENe


Innate Abilities, Weirdness & Mutations

You can be seen from farther away. (+LOS)
You can swim through water.
You cover ground slowly.
You can hop short distances.


Message History

You slash the two-headed ogre! You freeze the two-headed ogre.
The two-headed ogre is moderately wounded.
The two-headed ogre closely misses you.
The two-headed ogre hits you with a +0 giant club!
You hit the two-headed ogre. You freeze the two-headed ogre.
The two-headed ogre is moderately wounded.
You hit the two-headed ogre but do no damage.
The two-headed ogre is moderately wounded.
You block the two-headed ogre's attack.
The two-headed ogre hits you with a +0 giant club.
You completely miss the two-headed ogre.
The two-headed ogre is moderately wounded.
The two-headed ogre hits you with a +0 dire flail!
The two-headed ogre hits you with a +0 giant club!
* * * LOW HITPOINT WARNING * * *
You barely miss the two-headed ogre.
The two-headed ogre is moderately wounded.
The two-headed ogre barely misses you.
The two-headed ogre hits you with a +0 giant club!!
You die...

#...#.....#....+
#...'.....#....#
#...#.....#....#
#..###.##+# ..#
#..###.#
#..#...#
#..#...#
#..#...#
#..###@#
##+#...O....#
...........#
#............#
#.[..........#
#............#
#............#
#...(<.......#
#....#####...#


You could see a two-headed ogre.

Vanquished Creatures
  Pikel (D:5)
  Sigmund (D:5)
  2 hungry ghosts
  A sky beast (D:7)
  2 ogres
  A phantom (D:7)
  2 centaurs
  A big kobold (D:7)
  3 bullfrogs
  2 scorpions (D:6)
  10 wights
  A bullfrog zombie (D:7)
  5 crimson imps
  A quasit (D:6)
  2 hounds
  An orc priest (D:6)
  A bullfrog skeleton (D:5)
  2 jellies
  An iguana (D:7)
  Natasha (twice) (D:3)
  An orc wizard (D:6)
  6 worker ants
  3 hound skeletons
  3 gnolls (D:2)
  11 adders
  3 shadow imps
  An ooze (D:6)
  3 adder zombies
  3 worms
  A dart slug (D:2)
  A leopard gecko (D:6)
  6 orcs
  8 bats
  11 giant cockroaches
  7 goblins
  7 hobgoblins
  12 jackals
  13 kobolds
  A quokka (D:7)
  6 frilled lizards
  A leopard gecko skeleton (D:4)
  A leopard gecko zombie (D:7)
  11 rats
162 creatures vanquished.

Notes
Turn   | Place    | Note
-------+----------+-------------------------------------------
     0 | D:1      | Faca the Barachi Fighter began the quest for the Orb.
     0 | D:1      | Reached XP level 1. HP: 18/18 MP: 1/1
   265 | D:1      | Reached skill level 4 in Fighting
   265 | D:1      | Reached XP level 2. HP: 25/25 MP: 2/2
   898 | D:2      | Reached XP level 3. HP: 31/31 MP: 3/3
  1400 | D:2      | Found a faded altar of an unknown god.
  1555 | D:2      | Reached XP level 4. HP: 35/38 MP: 4/4
  1556 | D:2      | Reached skill level 5 in Fighting
  1945 | D:3      | Found a snail-covered altar of Cheibriados.
  1982 | D:3      | Found an ornate altar of the Wu Jian Council.
  2109 | D:3      | Reached XP level 5. HP: 42/44 MP: 5/5
  2203 | D:3      | Noticed Natasha
  2216 | D:3      | Killed Natasha
  2445 | D:3      | Reached skill level 5 in Long Blades
  2755 | D:3      | Noticed Natasha
  2761 | D:3      | Killed Natasha
  2963 | D:4      | Reached skill level 6 in Fighting
  2963 | D:4      | Reached XP level 6. HP: 48/52 MP: 6/6
  3192 | D:3      | Became a worshipper of Cheibriados the Contemplative
  3630 | D:5      | Entered Level 5 of the Dungeon
  3732 | D:5      | Found a staircase to the Ecumenical Temple.
  3745 | D:5      | Noticed Sigmund
  4053 | D:5      | Killed Sigmund
  4053 | D:5      | Reached skill level 7 in Fighting
  4053 | D:5      | Reached XP level 7. HP: 50/60 MP: 7/7
  4349 | D:5      | Found Muthruas's Antique Armour Boutique.
  4350 | D:5      | Noticed Pikel
  4365 | D:5      | Killed Pikel
  4365 | D:5      | Reached skill level 8 in Fighting
  4365 | D:5      | Reached XP level 8. HP: 58/70 MP: 8/8
  4418 | D:5      | Found Ydamn's General Store.
  4418 | D:5      | Found Fosewi's Gadget Boutique.
  4422 | D:5      | Found Mius's Distillery.
  4445 | D:5      | Found a glowing golden altar of the Shining One.
  4486 | D:5      | Reached skill level 9 in Fighting
  4696 | D:5      | Found a hide-covered altar of Uskayaw.
  4823 | D:6      | Reached * piety under Cheibriados
  5097 | D:6      | Found a shimmering blue altar of Sif Muna.
  5122 | D:6      | Reached skill level 10 in Fighting
  5126 | D:6      | Reached XP level 9. HP: 36/78 MP: 9/9
  5376 | D:6      | Reached skill level 10 in Long Blades
  5390 | D:6      | Found an opulent altar of Gozag.
  5391 | D:6      | Found a sparkling altar of Nemelex Xobeh.
  5567 | D:6      | Found a shattered altar of Ashenzari.
  5648 | D:7      | Reached ** piety under Cheibriados
  5670 | D:7      | Found a transporter.
  5670 | D:7      | Identified the +3 spear of War {freeze, +Inv rC++ Dex-4
                  | SInv}
  5670 | D:7      | Noticed a moth of wrath
  5671 | D:7      | Noticed mobdeep's ghost (novice DENe)
  5672 | D:7      | Found a bloodstained altar of Trog.
  5678 | D:7      | Found Kuihioz's Magic Scroll Shoppe.
  5739 | D:7      | Found a transporter.
  6036 | D:7      | Reached skill level 5 in Armour
  6136 | D:7      | Reached *** piety under Cheibriados
  6247 | D:8      | Reached skill level 11 in Fighting
  6247 | D:8      | Reached skill level 5 in Shields
  6348 | D:8      | Found Taemap's General Store.
  6406 | D:8      | Found a shadowy altar of Dithmenos.
  6602 | D:8      | Noticed a two-headed ogre
  6611 | D:8      | Slain by a two-headed ogre

Levels and vault maps discovered:
D:1:      ncdulo_watergridlock, layout_loops_cross, serial_glass,
          glass_columns_a, glass_columns_c
D:2:      layout_basic, chequers_ecumenical_altar_grove
D:3:      layout_basic, nicolae_overflow_crystal_walls,
          nicolae_overflow_hidden_temple, first_ration, uniq_natasha
D:4:      layout_basic
D:5:      layout_cave_pools, kennysheep_mini_moat, temple_green,
          minmay_shop_grid_forest, tso_metal_star, uniq_pikel, uniq_sigmund
D:6:      layout_basic, grunt_temple_overflow_opulence,
          ashenzari_conservatory_becter, lemuel_crystal_altar, minivault_23
D:7:      layout_basic, gammafunk_ghost_wrathful_warriors, serial_shops, shop
D:8:      layout_gridville, tgw_fedhas, lemuel_coloured_pillars_altar,
          serial_shops, shop

Skill      XL: |  1  2  3  4  5  6  7  8  9 |
---------------+----------------------------+-----
Fighting       | 4 5 6 7 8 10 11 | 11.1
Long Blades    | 3 4 5 6 8 9 10 | 10.7
Armour         | 5 |  5.5
Shields        | 5 |  5.1

Action                   |  1- 3 |  4- 6 |  7- 9 || total
-------------------------+-------+-------+-------++-------
Melee: Long sword        |   147 |   211 |   150 ||   508
       Scimitar          |       |       |   133 ||   133
  Use: Scroll            |     2 |    10 |     8 ||    20
  Eat: Chunk             |     3 |     7 |     7 ||    17
       Ration            |       |     1 |     1 ||     2
Armor: Scale mail        |    74 |   103 |    84 ||   261
Dodge: Dodged            |    60 |    78 |    57 ||   195
Block: Kite shield       |    60 |   121 |   143 ||   324
       Rpst.: Long sword |    20 |    24 |     4 ||    48
       Scimitar          |       |       |     5 ||     5

Table legend:
 A = Non-vault XP
 B = Vault XP
 C = Vault XP percentage of total XP
 D = Non-vault monster count
 E = Vault monster count
 F = Vault count percentage of total count
                 A         B        C        D         E       F
            +---------+---------+-------+---------+---------+-------
      Total |    3522 |     906 |  20.5 |     159 |       3 |   1.9
            +---------+---------+-------+---------+---------+-------
        D:1 |      30 |       0 |   0.0 |      20 |       0 |   0.0
        D:2 |      99 |       0 |   0.0 |      28 |       0 |   0.0
        D:3 |     116 |      35 |  23.2 |      25 |       1 |   3.8
        D:4 |     164 |       0 |   0.0 |      15 |       0 |   0.0
        D:5 |     368 |     871 |  70.3 |      16 |       2 |  11.1
        D:6 |    1060 |       0 |   0.0 |      23 |       0 |   0.0
        D:7 |    1381 |       0 |   0.0 |      29 |       0 |   0.0
        D:8 |     304 |       0 |   0.0 |       3 |       0 |   0.0
            +---------+---------+-------+---------+---------+-------
